AoeStats
← Level 2 Slime

Nomad

510877010Analyzed
2v2 RM · 17h ago on Oct 2, 2026· 74m 6s· 4 players
Game mode
Random Map
Map size
176×176
Population
200
Speed
Normal
Resources
Standard
Victory
Conquest
Starting age
Dark Age
Ending age
Imperial Age
RankedLock teamsTeams togetherTeam positionsShared explorationLock speedFull tech treeHidden civsTurbo modeCheats
Victory
Defeat
🇺🇸 Jurchens · United States
1067
+16
🇨🇴 Burgundians · Colombia
1031
+18
🇮🇹 Burmese · Italy
1103
-18
🇩🇪 Varangians · Germany
1038
-16
Slash13
5:17 Loom
6:54 Loom
14:32 Feudal Age
17:36 Town Watch
18:19 Gold Mining
20:21 Fletching
23:17 Wheelbarrow
23:11 Stone Mining
27:05 Castle Age
26:34 Horse Collar
28:16 Medium Warships
27:47 Man-at-Arms
28:13 Gambesons
28:47 Squires
32:37 Husbandry
34:03 Forging
33:54 Scale Mail Armor
39:05 Imperial Age
38:29 Gold Shaft Mining
38:32 Iron Casting
40:59 Pikeman
44:11 Hand Cart
44:24 Conscription
47:12 Padded Archer Armor
47:18 Scale Barding Armor
48:47 Bodkin Arrow
48:57 Heavy Plow
52:45 Chain Barding Armor
55:37 Bloodlines
55:53 Elite Arambai
61:12 Halberdier
66:23 Treadmill Crane
71:14 Ballistics
leon36
5:17 Loom
15:30 Feudal Age
21:03 Castle Age
18:56 Horse Collar
19:20 Gold Mining
20:56 Double-Bit Axe
28:12 Horse Collar
29:15 Heavy Plow
29:37 Bow Saw
32:19 Forging
32:25 Scale Barding Armor
33:57 Wheelbarrow
34:20 Iron Casting
36:28 Wheelbarrow
36:41 Husbandry
40:14 Hand Cart
40:10 Town Watch
45:12 Bloodlines
45:50 Stone Mining
52:03 Imperial Age
52:15 Elite Jarl
53:34 Chain Barding Armor
54:44 Conscription
55:13 Plate Barding Armor
55:33 Elite Jarl
60:15 Blast Furnace
59:05 Fletching
66:14 Vendel Legacy
Level 2 Slime
13:05 Feudal Age
11:23 Loom
13:08 Feudal Age
15:13 Double-Bit Axe
19:43 Castle Age
18:54 Fishing Lines
22:57 Bow Saw
25:31 Wheelbarrow
26:53 Horse Collar
33:51 Imperial Age
32:06 Hand Cart
31:41 Town Watch
32:42 Gold Mining
32:42 Stone Mining
32:57 Fletching
34:00 Fortified Bastions
34:49 Heavy Plow
35:51 Two-Man Saw
35:13 Bodkin Arrow
35:41 Ballistics
36:10 Gold Shaft Mining
35:25 Stone Mining
36:17 Bracer
37:19 Padded Archer Armor
37:31 Murder Holes
38:53 Scale Barding Armor
38:58 Forging
39:04 Leather Archer Armor
39:43 Town Patrol
41:32 Chemistry
40:16 Treadmill Crane
41:37 Chemistry
41:36 Guilds
45:14 Chain Barding Armor
45:30 Iron Casting
45:22 Conscription
46:17 Stone Shaft Mining
45:50 Siege Engineers
45:26 Light Cavalry
46:16 Bloodlines
47:08 Thunderclap Bombs
47:37 Husbandry
48:17 Plate Barding Armor
47:33 Hussar
49:20 Hoardings
52:13 Ring Archer Armor
52:44 Blast Furnace
51:56 Fortified Wall
51:58 Masonry
53:11 Scale Mail Armor
53:17 Elite Steppe Lancer
57:39 Clinker Construction
57:39 Careening
58:01 Architecture
58:20 Capped Ram
58:21 Heavy Rocket Cart
60:41 Carvel Hull
61:42 Coinage
66:18 Sappers
66:15 Heavy Scorpion
gl142541
9:59 Double-Bit Axe
10:05 Loom
17:01 Feudal Age
24:51 Castle Age
28:34 Horse Collar
33:43 Bow Saw
36:39 Wheelbarrow
39:07 Imperial Age
38:43 Two-Man Saw
39:46 Hand Cart
39:15 Treadmill Crane
39:39 Fishing Lines
40:49 Stone Mining
40:50 Gold Mining
41:08 Heavy Plow
43:36 Town Watch
45:06 Medium Warships
44:56 Fletching
47:21 Heavy Warships
51:03 Scale Barding Armor
51:09 Forging
50:54 Bodkin Arrow
51:26 Ballistics
51:02 Murder Holes
52:08 Chemistry
51:10 Cavalier
51:52 Husbandry
52:58 Chain Barding Armor
53:14 Iron Casting
52:32 Light Cavalry
53:20 Gillnets
53:46 Bracer
53:46 Padded Archer Armor
54:24 Crop Rotation
53:23 Hussar
54:20 Town Patrol
58:37 Plate Barding Armor
59:03 Blast Furnace
62:44 Leather Archer Armor
62:30 Scale Mail Armor
62:53 Elite Cannon Galleon
64:54 Elite Skirmisher
66:24 Chain Mail Armor
66:50 Paladin
67:29 Elite Skirmisher
Connection lost

Rejoining the realm…

Still unreachable

The connection could not be restored.

Session expired

The server has moved on; the page needs a fresh start.